 Seeded DCSS version 0.30-a0-292-g0f741e3f8e (webtiles) character file.

Game seed: 10786124958312911374 (custom seed)

163 valliere the Chopper (level 5, -6/47 HPs)
             Began as a Minotaur Monk on Oct 18, 2022.
             Mangled by a gnoll
             ... wielding a +0 halberd
              (9 damage)
             ... on level 2 of the Dungeon.
             The game lasted 00:02:07 (1087 turns).

valliere the Chopper (Minotaur Monk)                Turns: 1087, Time: 00:02:08

Health: -6/47      AC:  7    Str: 18    XL:     5   Next: 20%
Magic:  4/4        EV: 11    Int:  7    God:
Gold:   49         SH:  0    Dex: 12    Spells: 4/4 levels left

rFire   . . .      SeeInvis +    q - +14 obsidian axe {vorpal, Mesm Drain Fly SInv}
rCold   . . .      Faith    .    (no shield)
rNeg    . . .      Spirit   .    d - +0 scale mail
rPois   .          Reflect  .    (helmet restricted)
rElec   .          Harm     .    (no cloak)
rCorr   .          Rampage  .    (no gloves)
Will    .....                    j - +0 pair of boots
Stlth   ..........               (no amulet)
HPRegen 0.27/turn                (no ring)
MPRegen 0.09/turn                (no ring)

@: flying, mesmerised
A: horns 2, retaliatory headbutt
a: no special abilities


You were on level 2 of the Dungeon.
You visited 1 branch of the dungeon, and saw 2 of its levels.

You collected 49 gold pieces.

Inventory:

Hand Weapons
 a - a +0 hand axe
 q - the +14 obsidian axe (weapon) {vorpal, Mesm Drain Fly SInv}
   (You found it on level 2 of the Dungeon)

   It inflicts extra damage upon your enemies.
   It occasionally summons demons to assist the wielder when it strikes in
   combat.
   Its wielder is mesmerised by any visible foes.
   It cannot be unequipped while any foes are visible.
   SInv:      It lets you see invisible.
   Fly:       It grants you flight.
   Drain:     It drains your maximum health when unequipped.
Missiles
 p - 11 stones (quivered)
Armour
 b - a +0 robe
 d - a +0 scale mail (worn)
 j - a +0 pair of boots (worn)
Scrolls
 e - a scroll of fear {unknown}
 f - 2 scrolls of poison {unknown}
 h - a scroll of noise {unknown}
 i - 2 scrolls of identify
 k - a scroll of summoning {unknown}
 m - a scroll of enchant weapon {unknown}
 o - a scroll of blinking {unknown}
Potions
 c - 2 potions of ambrosia
 g - a potion of curing {unknown}
 l - 2 potions of berserk rage {unknown}
 n - a potion of lignification {unknown}


   Skills:
 + Level 4.5 Fighting
 * Level 5.3 Axes
 + Level 2.4 Armour
 + Level 4.1 Dodging
 - Level 1.5 Stealth


You had 4 spell levels left.
You didn't know any spells.
Your spell library contained the following spells:

 Spells                   Type           Power      Damage    Failure   Level
 Summon Forest            Summ/Tloc      0%         N/A       100%        5
 Summon Mana Viper        Hex/Summ       0%         N/A       100%        5
 Summon Cactus Giant      Summ           0%         N/A       100%        6
 Borgnjor's Revivificati  Necr           0%         N/A       100%        8
 Necromutation            Tmut/Necr      0%         N/A       100%        8
 Death's Door             Necr           0%         N/A       100%        9


Dungeon Overview and Level Annotations

Branches:
Dungeon (2/15)

Altars:


Innate Abilities, Weirdness & Mutations

You have a pair of horns on your head.
You reflexively headbutt those who attack you in melee.


Message History

The gnoll sergeant barely misses you. You furiously retaliate!
You headbutt the gnoll sergeant!
You are no longer entranced.
You kill the gnoll sergeant!
The gnoll hits you but does no damage.
Your Axes skill increases to level 5!
Your Armour skill increases to level 2!
Your Dodging skill increases to level 4!
You have reached level 5!
Visions of slaying the gnoll flood into your mind.
The gnoll hits you but does no damage. The gnoll hits you with a +0 spear.
The gnoll hits you but does no damage.
Things that are here:
a +2 trident of protection; a +0 ring mail; a +0 buckler You slice the gnoll!!
You break out of your daze!
You kill the gnoll!
Visions of slaying the gnoll flood into your mind.
The gnoll hits you from afar with a +0 spear.
The gnoll hits you from afar with a +0 halberd!
You are too injured to fight recklessly!
Unknown command.
You are too injured to fight recklessly!
You closely miss the gnoll.
Visions of slaying the gnoll flood into your mind.
The gnoll hits you from afar with a +0 spear.
* * * LOW HITPOINT WARNING * * *
The gnoll closely misses you. You furiously retaliate!
You headbutt the gnoll! The gnoll closely misses you.
The gnoll hits you with a +0 club.
* * * LOW HITPOINT WARNING * * *
The gnoll closely misses you.
The gnoll hits you from afar with a +0 halberd!
* * * LOW HITPOINT WARNING * * *
You slice the gnoll!!
You are no longer entranced.
You kill the gnoll!
Visions of slaying the gnoll flood into your mind.
The gnoll hits you from afar with a +0 spear.
* * * LOW HITPOINT WARNING * * *
The gnoll hits you from afar with a +0 halberd!
You die...

..............##
........#####..##
.#.###### ##..#
..# ♣♣ ##.## ..
..) #†.## #..♣
##..#
#....♣♣♣##.#
#..♣..g♣♣#)#
.g.^...gg@))#
.#.♣....♣♣###
.#.().♣♣♣ #..♣♣
...♣ ♣♣♣


You could see 3 gnolls.

Vanquished Creatures
  A gnoll sergeant (D:2)
  6 gnolls
  3 dart slugs (D:1)
  5 endoplasms
  A giant cockroach (D:2)
  4 hobgoblins (D:1)
  3 kobolds (D:1)
  A quokka (D:1)
  6 ball pythons
  9 bats
  2 goblins (D:1)
  4 rats (D:1)
45 creatures vanquished.

Notes
Turn   | Place    | Note
-------+----------+-------------------------------------------
     0 | D:1      | valliere the Minotaur Monk began the quest for the Orb.
     0 | D:1      | Reached XP level 1. HP: 19/19 MP: 0/0
   260 | D:1      | Reached XP level 2. HP: 27/27 MP: 1/1
   274 | D:1      | Reached skill level 4 in Axes
   274 | D:1      | Reached skill level 1 in Armour
   375 | D:1      | Reached XP level 3. HP: 33/33 MP: 2/2
  1066 | D:2      | Found the +14 obsidian axe {vorpal, Mesm Drain Fly SInv}
  1069 | D:2      | Noticed a gnoll sergeant
  1080 | D:2      | Reached XP level 4. HP: 34/40 MP: 3/3
  1083 | D:2      | Killed a gnoll sergeant
  1084 | D:2      | Reached skill level 5 in Axes
  1084 | D:2      | Reached XP level 5. HP: 27/47 MP: 4/4
  1087 | D:2      | Mangled by a gnoll

Illustrated notes

Levels and vault maps discovered:
D:1:      shiori_arrival_elements, layout_basic
D:2:      wander_river, layout_basic, pf_guarded_unrand_woodcutter,
          uniq_sigmund, uniq_terence

Skill      XL: |  1  2  3  4 |
---------------+-------------+-----
Axes           | 4 5 |  5.3
Armour         | 1 2 |  2.4
Fighting       | 4 |  4.5
Dodging        | 4 |  4.1
Stealth        | |  1.5

Action                   |  1- 3 |  4- 6 || total
-------------------------+-------+-------++-------
Melee: Hand axe          |    90 |       ||    90
       Headbutt          |    12 |       ||    12
       Broad axe         |     1 |     5 ||     6
  Use: Scroll            |     1 |       ||     1
       Potion            |     1 |       ||     1
Armor: Robe              |     4 |       ||     4
       Scale mail        |    39 |     4 ||    43
Dodge: Dodged            |    62 |     5 ||    67

Table legend: (Time is in decaauts)
 A = Elapsed time spent in this place.
 B = Non-inter-level travel time spent in this place.
 C = Inter-level travel time spent in this place.
 D = Time resting spent in this place.
 E = Time spent auto-exploring this place.
 F = Levels seen in this place.
 G = Mean time per level.
                   A        B        C        D        E       F      G
               +--------+--------+--------+--------+--------+-----+--------+
         Total |   1095 |   1067 |     28 |      0 |    797 |   2 |  547.5 |
       Dungeon |   1095 |   1067 |     28 |      0 |    797 |   2 |  547.5 |
               +--------+--------+--------+--------+--------+-----+--------+

Top non-repeatable levels by time:
     D:1: 1026 daAuts
     D:2: 68 daAuts
